 Dungeon Crawl Stone Soup version 0.23-a0-143-g1adec7b (webtiles) character file.

33 Amnesiac the Chiller (level 3, -1/24 HPs)
             Began as a Mummy Ice Elementalist on Sept 2, 2018.
             Slain by an ogre
             ... wielding a +0 giant club
              (24 damage)
             ... on level 4 of the Dungeon.
             The game lasted 00:03:03 (1112 turns).

Amnesiac the Chiller (Mummy Ice Elementalist)       Turns: 1112, Time: 00:03:03

Health: -1/24      AC:  2    Str: 11    XL:     3   Next: 12%
Magic:  7/7        EV: 12    Int: 15    God:
Gold:   24         SH:  0    Dex: 12    Spells: 5/8 levels left

rFire    x . .     SeeInvis .   (no weapon)
rCold    + . .     Gourm    .   (no shield)
rNeg     + + +     Faith    .   a - +0 robe
rPois    ∞         Spirit   .   (no helmet)
rElec    .         Reflect  .   d - scarf {cloud immunity}
rCorr    .         Harm     .   (no gloves)
MR       .....                  (no boots)
Stlth    ++........             (no amulet)
HPRegen  0.08/turn              (no ring)
MPRegen  0.10/turn              (no ring)

@: no status effects
A: no food or potions, fire vulnerability, cold resistance 1, negative energy
resistance 3, torment resistance, unbreathing
a: no special abilities


You were on level 4 of the Dungeon.
You were not hungry.

You visited 1 branch of the dungeon, and saw 4 of its levels.

You collected 24 gold pieces.

Inventory:

Armour
 a - a +0 robe (worn)
 d - a scarf of cloud immunity (worn)
Wands
 e - a wand of scattershot (4)
Scrolls
 b - a scroll of identify {!r, unknown}
 c - a scroll of enchant armour {!r, unknown}


   Skills:
 - Level 1.5 Dodging
 - Level 1.5 Stealth
 + Level 3.2 Spellcasting
 - Level 0.7 Conjurations
 * Level 3.3 Ice Magic


You had 5 spell levels left.
You knew the following spells:

 Your Spells              Type           Power        Failure   Level  Hunger
a - Freeze                Ice            ##..         4%          1    N/A
e - Throw Frost           Conj/Ice       #.....       13%         2    N/A

Your spell library contained the following spells:

 Spells                   Type           Power        Failure   Level  Hunger
 Ozocubu's Armour         Chrm/Ice       #.......     30%         3    N/A
 Throw Icicle             Conj/Ice       #.......     65%         4    N/A
 Summon Ice Beast         Ice/Summ       #.......     69%         4    N/A

Dungeon Overview and Level Annotations

Branches:
Dungeon (4/15)
 Temple: D:4-7

Altars:

Annotations:
D:2 Terence
D:4 Sigmund


Innate Abilities, Weirdness & Mutations

You do not eat or drink.
Your flesh is vulnerable to fire.
You are immune to poison.
Your flesh is cold resistant. (rC+)
You are immune to negative energy. (rN+++)
You are immune to unholy pain and torment.
You can survive without breathing.


Message History

Aiming: Freeze (safe; 4% risk of failure)
Press: ? - help, Shift-Dir - straight line, f/p - Sigmund
Aim: Sigmund, wielding a scythe and wearing an embroidered robe (moderately You freeze Sigmund.
Sigmund is moderately wounded.
Sigmund points at you and mumbles some strange words.
You resist with some effort.
Casting: Freeze (safe; 4% risk of failure)
Confirm with . or Enter, or press ? or * to list all spells.
Aiming: Freeze (safe; 4% risk of failure)
Press: ? - help, Shift-Dir - straight line, f/p - Sigmund
Aim: Sigmund, wielding a scythe and wearing an embroidered robe (moderately You freeze Sigmund.
Sigmund is heavily wounded.
Sigmund barely misses you.
Casting: Freeze (safe; 4% risk of failure)
Confirm with . or Enter, or press ? or * to list all spells.
Aiming: Freeze (safe; 4% risk of failure)
Press: ? - help, Shift-Dir - straight line, f/p - Sigmund
Aim: Sigmund, wielding a scythe and wearing an embroidered robe (heavily You freeze Sigmund.
Sigmund is heavily wounded.
Casting: Freeze (safe; 4% risk of failure)
Confirm with . or Enter, or press ? or * to list all spells.
Aiming: Freeze (safe; 4% risk of failure)
Press: ? - help, Shift-Dir - straight line, f/p - Sigmund
Aim: Sigmund, wielding a scythe and wearing an embroidered robe (heavily You freeze Sigmund.
Sigmund is heavily wounded.
Sigmund casts a spell at you. The magic dart hits you!
Casting: Freeze (safe; 4% risk of failure)
Confirm with . or Enter, or press ? or * to list all spells.
Aiming: Freeze (safe; 4% risk of failure)
Press: ? - help, Shift-Dir - straight line, f/p - Sigmund
Aim: Sigmund, wielding a scythe and wearing an embroidered robe (heavily You freeze Sigmund.
Sigmund is severely wounded.
Sigmund closely misses you.
Casting: Freeze (safe; 4% risk of failure)
Confirm with . or Enter, or press ? or * to list all spells.
You don't have enough magic to cast that spell.
Casting: Freeze (safe; 4% risk of failure)
Confirm with . or Enter, or press ? or * to list all spells.
You don't have enough magic to cast that spell.
Sigmund closely misses you.
There is a stone staircase leading up here.
You climb upwards.
There is a stone staircase leading down here.
Items here: ) [[ ÷ a ring mail; a leather armour; a war axe; an orc skeleton You start resting.
HP restored.
You start resting.
Magic restored.
You start resting.
Magic restored.
You climb downwards.
Level annotation: Sigmund
There is a stone staircase leading up here.
The ogre shouts!
Sigmund closely misses you. The ogre hits you with a giant club!!
Ouch! That really hurt!
You die...

#....##..#.#.#.#
#....##....#.#)###
####....# #.....o....
........# #........#o
#....####.o#.#..#.
#........{......#.
#%@..####..###..#. #....#
#..# #..#. ##.#####@####
#..# #....
.......O.#######..# #..#.
.#.##....................
#.##.#######.#####.##
####.##.### .# #.
..........#####.# #
.###.##.........#
#............##
#..###.####### ######


You could see Sigmund and an ogre.

Vanquished Creatures
  An adder (D:3)
  A dart slug (D:2)
  3 orcs (D:3)
  2 bats (D:3)
  2 giant cockroaches (D:3)
  2 goblins
  3 hobgoblins (D:3)
  A quokka (D:3)
  A kobold (D:1)
  A rat (D:3)
17 creatures vanquished.

Notes
Turn   | Place    | Note
-------+----------+-------------------------------------------
     0 | D:1      | Amnesiac the Mummy Ice Elementalist began the quest for the
                  | Orb.
     0 | D:1      | Reached XP level 1. HP: 13/13 MP: 4/4
   197 | D:4      | Noticed an ogre
   211 | D:3      | Reached XP level 2. HP: 15/19 MP: 1/6
   283 | D:3      | Learned a level 2 spell: Throw Frost
   407 | D:2      | Noticed Terence
   415 | D:4      | Noticed Sigmund
   711 | D:3      | Reached XP level 3. HP: 6/24 MP: 3/7
   713 | D:3      | HP: 1/24 [orc/war axe (2)]
  1112 | D:4      | Slain by an ogre

Vault maps used:
D:1:      tarquinn_simple_flora_water_c
D:2:      okawaru_ov_weapons_minmay, uniq_terence, uniq_crazy_yiuf_cottage
D:3:      first_ration, uniq_grinder
D:4:      lemuel_round_altar, uniq_sigmund

Skill      XL: |  1 |
---------------+----+-----
Spellcasting   | 3 |  3.2
Ice Magic      | 3 |  3.3
Dodging        | |  1.5
Stealth        | |  1.5
Conjurations   | |  0.7

Action                   || total
-------------------------++-------
Melee: Unarmed           ||     4
 Cast: Freeze            ||    41
       Throw Frost       ||     1
Armor: Robe              ||     7
Dodge: Dodged            ||    31

Table legend:
 A = Non-vault XP
 B = Vault XP
 C = Vault XP percentage of total XP
 D = Non-vault monster count
 E = Vault monster count
 F = Vault count percentage of total count
                 A         B        C        D         E       F
            +---------+---------+-------+---------+---------+-------
      Total |      48 |       0 |   0.0 |      17 |       0 |   0.0
            +---------+---------+-------+---------+---------+-------
        D:1 |       1 |       0 |   0.0 |       1 |       0 |   0.0
        D:2 |       6 |       0 |   0.0 |       2 |       0 |   0.0
        D:3 |      41 |       0 |   0.0 |      14 |       0 |   0.0
            +---------+---------+-------+---------+---------+-------
